 Dungeon Crawl Stone Soup version 0.20.1-1-g8b1a95d (webtiles) character file.

595 simples the Skirmisher (level 7, -3/56 HPs)
             Began as a Formicid Abyssal Knight on Dec 22, 2017.
             Was a Believer of Lugonu.
             Killed by divine providence
             ... invoked by an orc priest
              (12 damage)
             ... on level 4 of the Dungeon.
             The game lasted 00:05:26 (4439 turns).

simples the Skirmisher (Formicid Abyssal Knight)    Turns: 4439, Time: 00:05:26

Health: -3/56      AC:  9    Str: 18    XL:     7   Next: 67%
Magic:  10/10      EV:  8    Int: 12    God:    Lugonu [**....]
Gold:   146        SH:  0    Dex: 10    Spells: 6/6 levels left

rFire    . . .     SeeInvis +   k - +2 hand axe (freeze)
rCold    . . .     Gourm    .   (no shield)
rNeg     . . .     Faith    .   h - +0 chain mail
rPois    .         Spirit   .   (helmet unavailable)
rElec    .         Reflect  .   (no cloak)
rCorr    .         Harm     .   (no gloves)
MR       .....                  (no boots)
Stlth    ..........             (no amulet)
Regen    0.2/turn               (no ring)
MPRegen  0.2/turn               (no ring)

@: no status effects
A: permanent stasis, dig shafts and tunnels, four strong arms, antennae 3
a: Dig, Shaft Self, Depart the Abyss, Bend Space, Renounce Religion


You were on level 4 of the Dungeon.
You worshipped Lugonu.
Lugonu was pleased with you.
You were not hungry.

You visited 1 branch of the dungeon, and saw 4 of its levels.
You visited the Abyss 1 time.

You collected 146 gold pieces.

Inventory:

Hand Weapons
 k - a +2 hand axe of freezing (weapon)
Armour
 b - a +0 leather armour
 h - a +0 chain mail (worn)
Jewellery
 e - a cursed amulet of inaccuracy {unknown}
 j - an uncursed ring of ice {unknown}
 l - an uncursed amulet of the gourmand {unknown}
Wands
 t - a wand of confusion (35/48)
Scrolls
 a - 2 scrolls of teleportation {unknown}
 i - a scroll of immolation {unknown}
 n - 3 scrolls of enchant weapon {unknown}
 o - 4 scrolls of identify {unknown}
 p - a scroll of magic mapping {unknown}
 r - 2 scrolls of remove curse {unknown}
Potions
 d - a potion of lignification
 f - a potion of curing
 m - a potion of might {unknown}
 q - a potion of degeneration {unknown}
 u - a potion of ambrosia {unknown}
Comestibles
 c - 3 bread rations
 g - 2 royal jellies
 s - 2 meat rations


   Skills:
 + Level 5.2 Fighting
 * Level 4.6 Axes
 + Level 4.2 Armour
 + Level 2.5 Dodging
 + Level 4.0 Invocations


You had 6 spell levels left.
You didn't know any spells.

Dungeon Overview and Level Annotations

Branches:
Dungeon (4/15)
 Temple: D:4-7

Altars:
Fedhas
Hepliaklqana
Kikubaaqudgha
Sif Muna
Uskayaw
The Shining One

Shops:
D:4 =


Innate Abilities, Weirdness & Mutations

You cannot be hasted, slowed, berserked, paralysed or teleported.
You can dig through walls and to a lower floor.
Your four strong arms can wield two-handed weapons with a shield.
You have a pair of large antennae on your head. (SInv)


Message History

The orc priest hits you but does no damage.
You barely miss the orc priest.
The orc priest is moderately wounded.
The orc priest hits you with a mace.
Your chain mail prevents you from hitting the orc priest.
The orc priest is moderately wounded.
The orc priest hits you but does no damage.
Your chain mail prevents you from hitting the orc priest.
The orc priest is moderately wounded.
The orc priest mumbles some strange prayers to Beogh against you.
Pain shoots through your body!
* * * LOW HITPOINT WARNING * * *
You hit the orc priest but do no damage.
The orc priest is moderately wounded.
The orc priest barely misses you.
You barely miss the orc priest.
The orc priest is moderately wounded.
The orc priest mumbles some strange prayers to Beogh against you.
Beogh smites you!
You die...

... ..# ..### ...# #
..## #.# #.. ...#
#.##.o..# ###
###.@#{l(.# #..
##....o# #..
###.>..)## #..
#.......##### #..
....##....#...## #..
... ##..##....## #..
#..##.....## ####..
#..##..##..####.....
#..#..####..........


You could see an orc priest.

Vanquished Creatures
  The ghost of OnekoMk1 the Gusty, an amateur DEAE of Gozag (D:4)
  A scorpion (D:3)
  A bullfrog skeleton (D:4)
  An orc priest (D:4)
  An orc wizard (D:4)
  3 iguanas (D:4)
  2 worker ants
  A hound zombie (D:4)
  A hound skeleton (D:4)
  6 adders
  2 oozes
  2 adder zombies (D:4)
  A worm (D:3)
  4 dart slugs
  A leopard gecko (D:3)
  6 orcs
  3 ball pythons
  13 bats
  2 giant cockroaches
  5 goblins
  6 hobgoblins
  4 frilled lizards
  6 kobolds
  A quokka skeleton (D:4)
  2 quokka zombies (D:4)
  8 rats
84 creatures vanquished.

Notes
Turn   | Place    | Note
-------+----------+-------------------------------------------
     0 | Abyss:1  | simples the Formicid Abyssal Knight began the quest for the Orb.
     0 | Abyss:1  | Reached XP level 1. HP: 18/18 MP: 2/2
    64 | Abyss:1  | Noticed a small abomination
   101 | Abyss:1  | Noticed a quasit
   104 | Abyss:1  | Noticed a starcursed mass
   105 | D:1      | Escaped the Abyss
   335 | D:1      | Reached XP level 2. HP: 13/24 MP: 3/3
   470 | D:1      | Reached * piety under Lugonu
   534 | D:1      | Reached XP level 3. HP: 24/30 MP: 4/4
   863 | D:1      | Reached skill level 1 in Dodging
  1546 | D:2      | Found a hide-covered altar of Uskayaw.
  1604 | D:2      | Reached XP level 4. HP: 33/37 MP: 6/6
  1922 | D:2      | Found a glowing golden altar of the Shining One.
  1953 | D:2      | Found a hazy altar of Hepliaklqana.
  1976 | D:2      | Found an ancient bone altar of Kikubaaqudgha.
  2202 | D:3      | Reached skill level 4 in Fighting
  2284 | D:3      | Reached ** piety under Lugonu
  2302 | D:3      | Reached XP level 5. HP: 32/42 MP: 7/7
  2591 | D:3      | Found a blossoming altar of Fedhas.
  2771 | D:3      | Found a deep blue altar of Sif Muna.
  3007 | D:4      | Found Eptadu's Jewellery Shoppe.
  3049 | D:4      | Reached XP level 6. HP: 19/49 MP: 8/8
  4040 | D:4      | Noticed OnekoMk1's ghost (amateur DEAE)
  4337 | D:4      | Killed OnekoMk1's ghost
  4337 | D:4      | Reached XP level 7. HP: 41/55 MP: 8/10
  4361 | D:4      | Reached skill level 5 in Fighting
  4439 | D:4      | Killed from afar by an orc priest

Skill      XL: |  1  2  3  4  5  6  7 |
---------------+----------------------+-----
Dodging        | 1 2 |  2.5
Invocations    | 3 4 |  4.0
Fighting       | 4 5 |  5.2
Armour         | 3 4 |  4.2
Axes           | 3 4 |  4.6

Action                   |  1- 3 |  4- 6 |  7- 9 || total
-------------------------+-------+-------+-------++-------
Melee: Hand axe          |   104 |   131 |    34 ||   269
Invok: Depart the Abyss  |     1 |       |       ||     1
       Bend Space        |       |     1 |       ||     1
  Use: Potion            |     3 |       |       ||     3
  Eat: Chunk             |     2 |     5 |       ||     7
       Bread ration      |       |     1 |       ||     1
Armor: Leather armour    |    11 |       |       ||    11
       Chain mail        |    51 |    69 |    17 ||   137
Dodge: Dodged            |    58 |    65 |     9 ||   132
